 Dungeon Crawl Stone Soup version 0.30-a0-439-g9e77e4d916 (webtiles) character file.

Game seed: 2995754551197659162

84 p00ps00p the Trooper (level 4, -5/41 HPs)
             Began as a Hill Orc Fighter on Dec 11, 2022.
             Slain by a gnoll
             ... wielding a +0 spear
              (7 damage)
             ... on level 2 of the Dungeon.
             The game lasted 00:01:21 (1151 turns).

p00ps00p the Trooper (Hill Orc Fighter)             Turns: 1151, Time: 00:01:21

Health: -5/41      AC:  9    Str: 20    XL:     4   Next: 46%
Magic:  4/4        EV:  7    Int:  8    God:
Gold:   82         SH:  4    Dex: 10    Spells: 3/3 levels left

rFire   . . .      SeeInvis .    a - +0 war axe
rCold   . . .      Faith    .    c - +0 buckler
rNeg    . . .      Spirit   .    f - +0 chain mail
rPois   .          Reflect  .    (no helmet)
rElec   .          Harm     .    (no cloak)
rCorr   .          Rampage  .    (no gloves)
Will    .....                    (no boots)
Stlth   ..........               (no amulet)
HPRegen 0.26/turn                (no ring)
MPRegen 0.09/turn                (no ring)

@: mighty
A: no striking features
a: no special abilities


You were on level 2 of the Dungeon.
You visited 1 branch of the dungeon, and saw 2 of its levels.

You collected 82 gold pieces.

Inventory:

Hand Weapons
 a - a +0 war axe (weapon)
Armour
 b - a +0 scale mail
 c - a +0 buckler (worn)
 f - a +0 chain mail (worn)
Scrolls
 e - a scroll of fear
 h - a scroll of teleportation
 k - a scroll of enchant armour {unknown}
 m - a scroll of identify
Potions
 g - a potion of mutation {unknown}
 i - a potion of haste {unknown}
 j - a potion of berserk rage
 l - a potion of curing {unknown}


   Skills:
 + Level 4.3 Fighting
 + Level 3.7 Axes
 + Level 4.0 Armour
 + Level 4.0 Shields


You had 3 spell levels left.
You didn't know any spells.
Your spell library was empty.

Dungeon Overview and Level Annotations

Branches:
Dungeon (2/15)

Altars:
Zin


Message History

You are too injured to fight recklessly!
You are too injured to fight recklessly!
You are too injured to fight recklessly!
Unknown command.
You are too injured to fight recklessly!
Unknown command.
You are too injured to fight recklessly!
Unknown command.
You are too injured to fight recklessly!
You feel very mighty all of a sudden. The gnoll barely misses you.
The gnoll hits you from afar with a +0 spear.
* * * LOW HITPOINT WARNING * * *
You block the gnoll's attack. The gnoll barely misses you.
Unknown command.
You slash the gnoll!
The gnoll is almost dead.
You slash the gnoll! x2
You kill the gnoll!
You block the gnoll's attack. The gnoll hits you but does no damage.
The gnoll completely misses you.
You have reached level 4!
The gnoll attacks as you move away! The gnoll hits you with a +0 flail.
* * * LOW HITPOINT WARNING * * *
The gnoll hits you but does no damage. x2
You slash the gnoll!
You kill the gnoll!
You closely miss the gnoll. You slash the gnoll!
You kill the gnoll!
The gnoll barely misses you.
Your Armour skill increases to level 4!
Your Shields skill increases to level 4!
You completely miss the gnoll. The gnoll hits you with a +0 spear.
* * * LOW HITPOINT WARNING * * *
The gnoll hits you with a +0 spear.
* * * LOW HITPOINT WARNING * * *
You hit the gnoll.
The gnoll is lightly wounded.
The gnoll hits you with a +0 spear!
You die...

......#.....#####....####
...........>............#
....#.####..............#
#####.####..............#
# #.....##..............#
###.....##..............#
..#.....##..............#
#.#..............)......#
#.######.#####..@)).....#
#<.......# #..g.......#
#####.##.### #..........#
...........# #..........#
.####......# #..........#
.##........# #..........#
...........# #..........#
#..........# ###########
##.#.......#


You could see a gnoll.

Vanquished Creatures
  2 adders (D:2)
  3 gnolls (D:2)
  A worm (D:2)
  2 dart slugs (D:1)
  3 endoplasms (D:2)
  A goblin (D:1)
  4 jackals (D:1)
  3 kobolds (D:2)
  A quokka (D:2)
  3 ball pythons (D:1)
  A bat (D:2)
  4 frilled lizards
  4 rats
32 creatures vanquished.

Notes
Turn   | Place    | Note
-------+----------+-------------------------------------------
     0 | D:1      | p00ps00p the Hill Orc Fighter began the quest for the Orb.
     0 | D:1      | Reached XP level 1. HP: 19/19 MP: 1/1
   130 | D:1      | Found a faded altar of an unknown god.
   136 | D:1      | Reached XP level 2. HP: 23/27 MP: 2/2
   808 | D:2      | Reached XP level 3. HP: 33/33 MP: 3/3
   811 | D:2      | Found a glowing silver altar of Zin.
  1148 | D:2      | Reached XP level 4. HP: 10/40 MP: 4/4
  1150 | D:2      | HP: 1/41 [gnoll/+0 spear (3)]
  1151 | D:2      | Slain by a gnoll

Illustrated notes

Levels and vault maps discovered:
D:1:      dpeg_arrival_erosion, layout_basic, serial_curves, eino_curves_02,
          eino_curves_02, nicolae_ecumenical_snake_handling
D:2:      layout_basic, basic_altar, minmay_tetromino_o4

Skill      XL: |  1  2  3  4 |
---------------+-------------+-----
Axes           | 3 |  3.7
Fighting       | 4 |  4.3
Armour         | 4 |  4.0
Shields        | 4 |  4.0

Action                   |  1- 3 |  4- 6 || total
-------------------------+-------+-------++-------
Melee: War axe           |    89 |     3 ||    92
  Use: Scroll            |     5 |       ||     5
       Potion            |     1 |       ||     1
Armor: Scale mail        |    15 |       ||    15
       Chain mail        |    29 |     2 ||    31
Dodge: Dodged            |    45 |     1 ||    46
Block: Buckler           |    18 |       ||    18

Table legend: (Time is in decaauts)
 A = Elapsed time spent in this place.
 B = Non-inter-level travel time spent in this place.
 C = Inter-level travel time spent in this place.
 D = Time resting spent in this place.
 E = Time spent auto-exploring this place.
 F = Levels seen in this place.
 G = Mean time per level.
                   A        B        C        D        E       F      G
               +--------+--------+--------+--------+--------+-----+--------+
         Total |   1185 |   1180 |      5 |      0 |    928 |   2 |  592.5 |
       Dungeon |   1185 |   1180 |      5 |      0 |    928 |   2 |  592.5 |
               +--------+--------+--------+--------+--------+-----+--------+

Top non-repeatable levels by time:
     D:1: 770 daAuts
     D:2: 415 daAuts
